Map: Emerald City CE

Players

Ekelpack - Winner!

  • Race: Zerg Zerg
  • Spawn Location: 5:00

Nyck - Winner!

  • Race: Terran Terran
  • League: Silver
  • Spawn Location: 5:00

EXTRIM

  • Race: Terran Terran
  • Spawn Location: 11:00

Freeeeeze

  • Race: Zerg Zerg
  • League: Diamond
  • Spawn Location: 11:00

VOD

Have the link to the VOD?

Description

Time

  • Played on: Oct. 29, 2024, 12:24 p.m.
  • Length: 16:28
Show
View Real Time Build Order
Export as new Build Order

Ekelpack Zerg - Winner!

Build Orders: Hatch First 

Get SALT Encoding   

  12  0:00  Drone  
  13  0:13  Overlord  
  13  0:17  Drone  
  14  0:32  Drone  
  15  0:48  Hatchery  
  14  0:50  Drone  
  15  1:06  Spawning Pool  
  15  1:10  Drone  
  15  1:13  Extractor  
  15  1:15  Drone  
  15  1:18  Drone  
  15  1:24  Drone  
  17  1:37  Drone  
  18  1:43  Drone  
  19  1:55  Queen  
  19  1:58  Drone  
  19  2:00  Queen  
  24  2:05  Drone  
  25  2:12  Overlord  
  25  2:15  Drone  
  26  2:19  Drone  
  27  2:28  Drone  
  28  2:31  Zergling x2  
  28  2:34  Lair  
  29  2:40  Queen  
  31  2:48  Drone x2  
  31  2:50  Metabolic Boost  
  33  3:01  Drone  
  33  3:03  Overlord  
  34  3:08  Extractor  
  34  3:09  Drone x2  
  34  3:11  Drone  
  36  3:31  Zergling x12  
  41  3:44  Zergling x4  
  41  3:46  Overlord  
  43  4:04  Spire  
  42  4:16  Drone x3  
  45  4:19  Overlord, Extractor  
  45  4:20  Extractor  
  45  4:22  Drone x2  
  45  4:33  Drone x3  
  45  4:35  Overlord  
  48  4:51  Drone  
  49  4:54  Drone x3  
  52  5:03  Overlord  
  52  5:16  Mutalisk x5  
  52  5:17  Mutalisk x2  
  52  5:18  Zerg Flyer Weapons Level 1  
  52  5:19  Overlord  
  66  5:23  Mutalisk  
  68  5:43  Hatchery  
  67  5:51  Overlord  
  68  6:19  Zergling x6  
  68  6:20  Zergling x8  
  75  6:26  Mutalisk x6  
  75  6:27  Overlord  
  87  6:38  Mutalisk x2  
  91  6:40  Overlord  
  91  6:49  Overlord  
  91  6:50  Mutalisk, Infestation Pit  
  92  6:58  Spine Crawler  
  91  7:01  Drone  
  91  7:02  Drone x2  
  94  7:12  Zerg Flyer Armor Level 1  
  85  7:29  Pneumatized Carapace  
  80  7:30  Zergling x8  
  80  7:31  Zergling x2  
  72  7:40  Zergling x2  
  72  7:41  Zergling x10  
  62  7:55  Mutalisk x2  
  66  8:06  Mutalisk x2  
  70  8:14  Hive  
  70  8:21  Hatchery  
  69  8:27  Zergling x6  
  69  8:28  Zergling x6  
  75  8:59  Drone x3  
  78  9:08  Evolution Chamber x2  
  78  9:09  Extractor  
  75  9:14  Drone x3  
  75  9:15  Drone  
  79  9:36  Ultralisk Cavern, Zerg Melee Weapons Level 1, Zerg Ground Armor Level 1  
  78  9:38  Greater Spire  
  78  9:39  Zergling x6  
  78  9:40  Zergling x4, Adrenal Glands  
  78  9:41  Zergling x4  
  78  9:42  Zergling x10  
  78  9:45  Drone x2  
  92  9:50  Queen  
  94  9:55  Drone  
  94  9:56  Overlord x2  
  74  10:26  Drone x2  
  74  10:27  Drone x3  
  79  10:30  Extractor  
  79  10:34  Drone x2  
  80  10:37  Chitinous Plating  
  80  10:40  Ultralisk x3  
  99  10:50  Drone  
  99  11:30  Ultralisk x2  
  99  11:31  Zergling x6, Ultralisk x2  
  125  11:40  Zerg Melee Weapons Level 2  
  120  11:51  Ultralisk  
  122  12:01  Zerg Ground Armor Level 2  
  121  12:34  Overlord x2  
  121  12:40  Hatchery  
  120  12:47  Ultralisk x2  
  120  12:49  Ultralisk  
  120  12:51  Overlord  
  138  12:53  Ultralisk  
  125  13:29  Ultralisk x4  
  143  13:36  Anabolic Synthesis  
  143  13:45  Overseer x4  
  139  14:20  Hatchery  
  108  14:36  Ultralisk  
  108  14:37  Ultralisk x3  
  122  14:53  Ultralisk  
  96  15:21  Ultralisk  
  96  15:31  Ultralisk x2  
Show
View Real Time Build Order
Export as new Build Order

Nyck Terran - Winner!

Build Orders:  

Get SALT Encoding   

  12  0:01  SCV  
  13  0:13  Supply Depot  
  13  0:17  SCV  
  14  0:30  SCV  
  15  0:36  Barracks  
  15  0:42  SCV  
  16  0:46  Refinery  
  16  0:54  SCV  
  17  1:06  SCV  
  18  1:30  Command Center  
  18  1:36  Refinery  
  18  1:42  Orbital Command  
  18  1:56  Factory  
  18  2:05  Barracks Reactor  
  18  2:11  Supply Depot  
  18  2:14  SCV  
  19  2:34  Supply Depot  
  19  2:35  SCV  
  20  2:42  Orbital Command  
  20  2:49  Supply Depot  
  20  2:51  SCV  
  20  2:53  Barracks Tech Lab  
  21  3:00  Hellion  
  23  3:07  Hellion  
  25  3:21  SCV  
  25  3:22  SCV  
  25  3:24  Hellion  
  29  3:33  SCV  
  27  3:44  Orbital Command  
  24  3:49  Hellion x2  
  28  4:00  SCV  
  29  4:08  Supply Depot  
  29  4:12  SCV  
  29  4:14  SCV  
  31  4:24  SCV  
  31  4:26  SCV  
  33  4:36  SCV  
  35  4:38  SCV, Starport  
  35  4:48  SCV, Refinery  
  35  4:50  SCV  
  37  4:54  Infernal Pre-Igniter  
  37  4:56  Hellion  
  39  5:00  SCV  
  39  5:01  Refinery  
  39  5:02  SCV  
  39  5:03  Engineering Bay  
  41  5:09  Armory  
  41  5:13  SCV  
  42  5:14  SCV  
  43  5:25  SCV, Starport Reactor  
  43  5:27  SCV, Barracks  
  45  5:37  SCV  
  45  5:39  SCV  
  47  5:49  SCV  
  48  5:51  SCV  
  47  6:01  SCV, Siege Tank  
  47  6:03  SCV  
  52  6:10  Medivac  
  52  6:11  Medivac  
  56  6:13  SCV, Reaper  
  56  6:18  SCV  
  59  6:25  SCV  
  60  6:28  Reaper  
  60  6:30  SCV  
  62  6:33  Siege Tank  
  62  6:37  SCV  
  66  6:42  SCV  
  66  6:45  Reaper  
  68  6:53  SCV  
  69  6:54  SCV  
  70  7:14  Barracks  
  70  7:42  SCV  
  70  7:56  Terran Infantry Weapons Level 1, Reaper x2, Siege Tank, SCV  
  70  7:57  Terran Vehicle And Ship Armor Level 1  
  76  7:59  Supply Depot  
  76  8:01  Supply Depot  
  76  8:03  Barracks, Barracks Reactor  
  76  8:04  Barracks Reactor  
  76  8:06  Medivac x2  
  76  8:08  SCV  
  76  8:11  Engineering Bay  
  81  8:18  Command Center  
  81  8:21  Command Center  
  81  8:28  Siege Tank  
  81  8:29  Supply Depot  
  81  8:31  Supply Depot, Reaper  
  81  8:32  Reaper  
  86  8:36  Medivac x2  
  86  8:38  Terran Infantry Armor Level 1  
  90  8:52  Supply Depot, Barracks Tech Lab  
  90  8:59  Barracks  
  90  9:07  SCV x2  
  90  9:08  Marine x2  
  90  9:09  Marine x4  
  97  9:13  Combat Shield  
  98  9:42  Command Center  
  98  9:48  Supply Depot  
  98  9:50  Supply Depot  
  98  9:51  Terran Infantry Weapons Level 2  
  98  9:52  Marine x6  
  101  9:56  Marauder  
  107  10:05  Barracks Tech Lab  
  107  10:06  Barracks  
  106  10:20  SCV  
  107  10:21  Orbital Command  
  107  10:26  Marine  
  107  10:27  Marine x5  
  113  10:29  Marauder x2  
  120  10:39  Widow Mine  
  119  10:43  Liberator x2  
  119  10:48  Orbital Command  
  125  10:54  SCV x3  
  128  11:00  Marine x5  
  128  11:01  Marine, Widow Mine  
  128  11:02  Marauder x2  
  140  11:04  Terran Infantry Armor Level 2  
  140  11:05  Terran Vehicle And Ship Armor Level 2  
  140  11:09  Supply Depot  
  140  11:11  Supply Depot  
  140  11:22  Widow Mine  
  120  11:43  Widow Mine  
  119  11:51  SCV x4  
  118  12:05  Widow Mine  
  118  12:07  SCV x3  
  122  12:11  Marine x8  
  122  12:12  Refinery  
  127  12:28  Marine  
  127  12:29  Marine x7  
  135  12:32  Terran Infantry Weapons Level 3  
  135  12:34  Barracks Tech Lab  
  135  12:39  Ghost Academy  
  135  12:41  Supply Depot x2  
  135  12:42  SCV x4  
  139  12:46  Marine  
  139  12:47  Marine x7  
  139  12:51  Refinery  
  147  13:03  Supply Depot  
  147  13:04  Marine x2  
  147  13:05  Marine x6  
  153  13:15  SCV x4  
  157  13:23  Terran Infantry Armor Level 3, Marine x2  
  157  13:25  Marine x5  
  157  13:26  Marine  
  165  13:27  Medivac x2  
  146  13:50  Stimpack  
  146  13:51  Concussive Shells  
  146  14:00  Marine x6  
  146  14:02  Ghost x3  
  146  14:52  Ghost x3  
  148  14:54  Marine x6  
  158  15:07  Orbital Command  
  158  15:11  Marine  
  158  15:12  Marine x5  
  164  15:20  Ghost x2  
  164  15:21  Ghost  
  170  15:29  Marine  
  170  15:30  Marine x5  
  169  15:47  Marine  
  169  15:48  Marine x4  
  169  15:49  Ghost  
Show
View Real Time Build Order
Export as new Build Order

EXTRIM Terran 

Build Orders:  

Get SALT Encoding   

  12  0:01  SCV  
  13  0:17  Supply Depot  
  13  0:18  SCV  
  14  0:30  SCV  
  15  0:43  SCV, Barracks  
  16  0:53  Barracks  
  16  0:56  SCV  
  17  1:27  SCV  
  17  1:32  Supply Depot  
  18  1:38  Command Center  
  18  1:42  SCV  
  19  1:48  Marine  
  19  1:49  Marine  
  21  1:56  Refinery  
  21  2:05  Bunker  
  21  2:08  Marine x2  
  23  2:19  Orbital Command  
  23  2:27  Marine  
  23  2:29  Refinery  
  24  2:31  Marine  
  25  2:54  SCV  
  26  3:07  Marine x2  
  26  3:08  Factory  
  26  3:10  SCV  
  29  3:15  SCV  
  29  3:19  Engineering Bay  
  28  3:49  SCV  
  28  3:50  Planetary Fortress  
  28  3:53  Factory Reactor  
  25  4:01  Barracks Tech Lab  
  25  4:02  Barracks Tech Lab  
  25  4:04  Barracks  
  25  4:05  SCV, Barracks  
  26  4:21  SCV  
  26  4:22  Starport  
  27  4:26  Marauder  
  27  4:27  Marauder  
  27  4:29  SCV  
  32  4:36  Cyclone  
  32  4:37  Cyclone  
  36  4:39  SCV  
  36  4:43  SCV  
  38  4:46  Refinery  
  38  4:55  Barracks Reactor  
  38  4:56  Barracks Reactor  
  38  4:59  Supply Depot  
  38  5:05  SCV  
  40  5:11  Marauder x2  
  43  5:15  SCV  
  43  5:17  SCV  
  45  5:30  Concussive Shells  
  45  5:32  Medivac  
  45  5:34  Marine x5  
  52  5:36  Marine  
  52  5:38  Refinery  
  52  5:39  SCV  
  54  5:46  Supply Depot  
  54  6:07  SCV  
  54  6:08  Hellion x2  
  54  6:09  Supply Depot  
  54  6:10  Supply Depot  
  54  6:11  Marauder  
  61  6:17  SCV  
  62  6:31  SCV, Marauder  
  65  6:44  Missile Turret x3  
  65  6:45  Missile Turret  
  65  6:48  Missile Turret x3  
  45  7:39  SCV x2  
  45  7:42  Missile Turret  
  45  7:43  Command Center  
  45  7:44  Marine x3, Missile Turret, Marauder  
  39  7:45  Marine, Marauder  
  39  7:50  Hi-Sec Auto Tracking  
  45  8:05  Starport Reactor  
  45  8:07  Factory  
  45  8:09  SCV x2  
  47  8:21  SCV x2  
  48  8:38  Factory  
  48  8:39  Factory  
  50  8:48  Widow Mine  
  50  8:49  Widow Mine  
  50  8:50  Marine x4  
  50  8:52  Marauder  
  50  8:53  Combat Shield, Missile Turret x2, Stimpack  
  58  8:57  SCV x2  
  60  9:04  Neosteel Armor  
  60  9:06  Factory Tech Lab  
  60  9:20  Missile Turret  
  60  9:23  Missile Turret  
  60  9:40  Factory Tech Lab x2  
  60  9:45  Marine x4, Armory  
  63  9:47  Armory  
  63  9:48  Marauder x2  
  71  9:54  Hellion x2  
  72  10:14  Hellion x2  
  72  10:16  Medivac x2  
  72  10:21  Supply Depot x2  
  80  10:24  Planetary Fortress  
  80  10:27  SCV  
  81  10:37  SCV  
  81  10:39  SCV  
  81  10:42  Refinery  
  83  10:44  Refinery  
  83  10:54  Thor  
  89  10:57  Terran Vehicle And Ship Armor Level 1, Terran Vehicle Weapons Level 1  
  89  11:02  Supply Depot  
  89  11:04  Supply Depot, SCV x2  
  89  11:05  SCV  
  97  11:55  Hellion x2  
  97  11:57  Thor x3  
  84  12:17  Marine x4  
  84  12:18  Marine x2  
  90  12:23  Factory  
  90  12:25  SCV x3  
  90  12:26  Factory  
  93  12:36  Marauder  
  95  12:37  SCV, Command Center  
  95  12:40  Thor  
  102  12:45  SCV  
  102  12:46  SCV  
  102  12:48  Thor  
  102  12:49  SCV  
  111  12:55  Thor  
  113  13:17  Cyclone x2  
  117  13:22  Thor  
  120  13:47  Thor  
  125  13:53  Liberator x2  
  125  13:55  Thor  
  137  14:05  SCV x3  
  136  14:20  Thor  
  118  14:30  Thor  
  108  14:38  Thor  
  110  14:42  Factory Tech Lab  
  110  14:43  Factory Tech Lab  
  108  14:57  Viking x2  
  112  15:03  Thor  
  112  15:05  Planetary Fortress, Missile Turret  
  112  15:25  Missile Turret  
  106  15:40  Siege Tank  
  106  15:41  Siege Tank x3  
  106  15:44  Missile Turret, Hellbat x2  
  106  15:46  Siege Tank  
  106  15:47  Marine x3  
  106  15:48  Marine x3  
  111  16:05  Marine x2  
  111  16:07  Missile Turret  
Show
View Real Time Build Order
Export as new Build Order

Freeeeeze Zerg 

Build Orders: Hatch First, Lurkers 

Get SALT Encoding   

  12  0:04  Drone  
  13  0:13  Overlord  
  13  0:18  Drone  
  14  0:32  Drone x2  
  16  0:36  Drone  
  17  0:49  Drone  
  18  1:02  Hatchery  
  17  1:05  Drone  
  18  1:15  Spawning Pool  
  17  1:19  Extractor  
  17  1:21  Drone  
  17  1:31  Drone x2  
  19  1:40  Overlord  
  19  1:57  Drone  
  20  2:01  Queen  
  20  2:03  Drone  
  23  2:14  Queen  
  23  2:15  Drone  
  26  2:16  Drone  
  27  2:23  Drone  
  27  2:29  Drone  
  29  2:34  Drone  
  30  2:38  Lair  
  30  2:40  Extractor  
  29  2:46  Drone x2  
  31  2:53  Queen  
  31  2:54  Drone  
  34  3:04  Drone  
  35  3:08  Overlord  
  35  3:19  Drone  
  36  3:33  Drone x8  
  44  3:37  Extractor  
  44  3:38  Extractor  
  42  3:49  Spine Crawler  
  42  3:52  Spine Crawler, Drone x3  
  42  3:53  Overlord x2  
  43  3:58  Hydralisk Den  
  43  4:00  Drone  
  43  4:01  Evolution Chamber  
  42  4:04  Evolution Chamber  
  42  4:05  Drone  
  42  4:06  Drone x2  
  44  4:15  Overlord  
  44  4:27  Overlord x3  
  44  4:30  Grooved Spines  
  44  4:32  Zerg Missile Weapons Level 1  
  44  4:36  Zerg Ground Armor Level 1  
  44  4:40  Drone x2  
  44  4:41  Drone  
  47  4:52  Hydralisk x3  
  51  4:59  Drone  
  54  5:03  Overlord  
  54  5:14  Hydralisk  
  54  5:15  Hydralisk x3  
  62  5:26  Overseer x2  
  62  5:29  Muscular Augments  
  62  5:31  Hydralisk x3  
  68  5:43  Hatchery  
  67  6:03  Hydralisk x5  
  73  6:10  Drone x5  
  82  6:12  Overlord  
  82  6:24  Lurker Den  
  81  6:41  Spore Crawler  
  81  6:43  Spore Crawler  
  81  6:46  Spore Crawler, Drone x3, Hydralisk  
  83  6:52  Spore Crawler  
  82  6:55  Spore Crawler  
  82  6:57  Spore Crawler  
  82  6:59  Drone x2, Spore Crawler  
  82  7:00  Drone x2  
  82  7:01  Spore Crawler x2  
  79  7:41  Hydralisk  
  79  7:42  Hydralisk x10  
  91  7:48  Zerg Missile Weapons Level 2  
  83  7:51  Zerg Ground Armor Level 2  
  83  7:55  Drone x2  
  85  8:03  Overlord x2  
  85  8:14  Drone  
  85  8:16  Drone x2  
  85  8:17  Drone x4  
  92  8:32  Spore Crawler  
  91  8:34  Spore Crawler  
  91  8:37  Drone  
  91  8:38  Drone  
  92  8:44  Drone x5  
  92  8:45  Overlord x2  
  97  8:56  Pneumatized Carapace  
  97  9:04  Extractor x2  
  97  9:09  Hydralisk  
  95  9:10  Hydralisk x10  
  117  9:30  Drone x2  
  117  9:31  Queen  
  119  9:34  Hatchery  
  104  10:15  Hydralisk  
  104  10:16  Hydralisk x14  
  116  10:31  Drone x6  
  122  10:37  Infestation Pit  
  121  10:48  Queen  
  121  10:49  Drone  
  124  11:00  Hydralisk x4  
  124  11:01  Hydralisk x2  
  124  11:03  Overlord x5  
  136  11:12  Spore Crawler  
  136  11:13  Spore Crawler  
  136  11:18  Overlord x5  
  134  11:19  Overlord x3  
  98  11:56  Hydralisk  
  98  11:57  Hydralisk x15  
  122  12:01  Lurker x2  
  122  12:02  Lurker x3  
  127  12:16  Drone  
  127  12:18  Spine Crawler x2  
  127  12:20  Spore Crawler  
  127  12:21  Drone  
  126  12:24  Lurker x2  
  126  12:25  Lurker  
  126  12:27  Hive  
  129  12:35  Hydralisk x6  
  141  12:41  Drone x2  
  143  13:05  Extractor x2  
  127  14:30  Lurker  
  127  14:31  Lurker x5  
  87  15:00  Seismic Spines  
  87  15:11  Hydralisk  
  87  15:12  Hydralisk x25  
  115  15:44  Hydralisk x10  
Tags
 
Add a new tag
Caveats
  • Supply blocks, unpowered buildings, or Contaminate may cause inaccurate times.
  • Supply counts are checked every 10 seconds.